Unix NetHack Version 5.0.0-0 post-release - last build May 17 2026 04:57:42 (dc50c8380fa5e20985bfe3072449f57b8d9895ef,branch:main).

Game began 2026-05-17 22:40:59, ended 2026-05-17 22:46:12.

ArrBianca, lawful female dwarven Archeologist

                               -
                             --.--
                            ..^..|---
                             ---.||.|
                               |.||.|
                               |.|-.|
                               |.|..|
                               |.|..|
                               |...--
                               --..|
                                |..--
                                |....----
                                |...i.|.-
                                |....@...---
                                |.--......<.
                                   ....G----
                                      ..-

ArrBianca the Field Worker  St:17 Dx:10 Co:12 In:16 Wi:10 Ch:10  Lawful
Dlvl:3  $:31 HP:0(25) Pw:3(3) AC:9  Xp:3 T:816 

Latest messages:
 You descend the stairs.
 You hear an F note squeak in the distance.
 You see here an orange gem.
 C - an orange gem.
 What do you want to use or apply? [ae-jltu or ?*] g
 What do you want to rub on the stone? [$C or ?*] C
 C - a jacinth stone.
 What do you want to use or apply? [ae-jltu or ?*] h
 What do you want to stash? [$a-gi-uwxzA-C or ?*] C
 You put a jacinth stone into the sack.
 You hear an F note squeak in the distance.
 Really step into that pit? [yn] (n) n
 #assist: unknown extended command.
 #gr: unknown extended command.
 Really step into that pit? [yn] (n) n
 You swap places with the peaceful gnome lord.
 You swap places with the peaceful gnome lord.
 A homunculus suddenly appears close by!
 Pick a monster, object or location.
 ^        a trap (pit)
 What do you want to ready? [$ksB or ?*] ?
 s - 8 darts (at the ready).
 What do you want to throw? [$ksB or ?*] s
 In what direction? y
 The dart hits the homunculus.
 The homunculus bites!
 You are put to sleep by the homunculus!
 The homunculus bites!
 The homunculus bites!
 The homunculus bites!
 The homunculus bites!
 The homunculus bites!
 The combat suddenly awakens you.
 You miss the homunculus.
 The homunculus bites!
 You are put to sleep by the homunculus!
 You wake up.
 You miss the homunculus.
 The homunculus bites!
 You lash the homunculus!
 The homunculus bites!
 You are put to sleep by the homunculus!
 The homunculus bites!
 The homunculus bites!
 The homunculus bites!
 The homunculus bites!
 The homunculus bites!
 The homunculus bites!
 You die...
 Do you want an account of creatures vanquished? [ynaq] (y) q

Inventory:
 Coins    ('$')
  $ - 31 gold pieces
 Weapons  (')')
  s - 7 blessed +1 darts (at the ready)
  k - 9 +1 darts
  B - 6 +0 darts
  a - a +2 bullwhip (weapon in right hand)
 Armor    ('[')
  c - an uncursed +0 fedora (being worn)
  b - an uncursed +0 leather jacket (being worn)
 Comestibles  ('%')
  x - an uncursed cram ration
  j - a cursed cream pie
  d - 4 uncursed food rations
  q - an uncursed homemade tin of jackal meat
  p - an uncursed homemade tin of kobold meat
  z - an uncursed lichen corpse
 Scrolls  ('?')
  w - a blessed scroll of create monster
  A - an uncursed scroll of enchant armor
  o - an uncursed scroll of gold detection
  r - an uncursed scroll of scare monster
 Potions  ('!')
  m - an uncursed potion of gain energy
 Rings    ('=')
  n - an uncursed ring of protection from shape changers
 Wands    ('/')
  t - a wand of stasis (0:5)
 Tools    ('(')
  l - an empty cursed oilskin sack
  h - an uncursed sack containing 1 item
  i - a magic marker (0:22)
  e - a +0 pick-axe (alternate weapon; not wielded)
  u - a cursed tin whistle
  f - a tinning kit (0:89)
 Gems/Stones  ('*')
  g - an uncursed touchstone

Contents of the sack:
  an uncursed jacinth stone

ArrBianca the Archeologist's attributes:

Background:
 You were a Field Worker, a level 3 female dwarven Archeologist.
 You were lawful, on a mission for Quetzalcoatl
 who was opposed by Camaxtli (neutral) and Huhetotl (chaotic).
 You were right-handed.
 You were in the Gnomish Mines, on level 3.
 You entered the dungeon 816 turns ago.
 It was nighttime.
 There was a new moon in effect when your adventure ended.
 You had 40 experience points, 40 more were needed to attain level 4.

Basics:
 You had 0 out of 25 hit points.
 You had all 3 energy points (spell power).
 Your armor class was 9.
 Your wallet contained 31 zorkmids.
 Autopickup was on for '$?!/="+%' plus thrown, with exceptions.

Final Characteristics:
 Your strength was 17 (limit:18/100).
 Your dexterity was 10 (limit:20).
 Your constitution was 12 (limit:20).
 Your intelligence was 16 (limit:16).
 Your wisdom was 10 (limit:16).
 Your charisma was 10 (limit:16).

Final Status:
 You weren't hungry.
 You were unencumbered.
 You were wielding a whip.
 You had basic skill with whip.

Final Attributes:
 You were fervently aligned.
 You had automatic searching.
 You had infravision.
 You were lucky.
 You are dead.

Miscellaneous:
 You didn't encounter any bones levels.
 Total elapsed playing time was 5 minutes and 13 seconds.

Major events:
 Turn
    1: ArrBianca the lawful female dwarven Archeologist entered the dungeon
  732: attained the rank of Field Worker (level 3)
  742: entered the Gnomish Mines
  816: killed by a homunculus, while sleeping

You didn't know any spells.

Skills:
 Fighting Skills
   bare handed combat [Unskilled]
   two weapon combat  [Unskilled]
   riding             [Unskilled]
 Weapon Skills
   dagger             [Unskilled]
   knife              [Unskilled]
   pick-axe           [Basic]
   short sword        [Unskilled]
   saber              [Unskilled]
   club               [Unskilled]
   quarterstaff       [Unskilled]
   sling              [Unskilled]
   dart               [Unskilled]
   boomerang          [Unskilled]
   whip               [Basic]
   unicorn horn       [Unskilled]
 Spellcasting Skills
   attack spells      [Unskilled]
   healing spells     [Unskilled]
   divination spells  [Unskilled]
   matter spells      [Unskilled]

Voluntary challenges:
 Character rerolling was not enabled.
 You were an atheist.
 You never genocided any monsters.
 You never polymorphed an object.
 You never changed form.
 You used no wishes.
Achievements:
 You attained the rank of Field Worker.
 You entered the Gnomish Mines.

 The Dungeons of Doom: levels 1 to 2
    Level 1:
    Level 2:
       Stairs down to The Gnomish Mines.
 The Gnomish Mines:
    Level 3: <- You were here.
       Final resting place for
          you, killed by a homunculus, while sleeping.


Vanquished creatures:
  2 jackals
  a fox
  2 kobolds
  2 goblins
  a sewer rat
  a grid bug
  2 lichens
  a kobold zombie
  a newt
13 creatures vanquished.

No species were genocided or became extinct.

Game over:
                       ----------
                      /          \
                     /    REST    \
                    /      IN      \
                   /     PEACE      \
                  /                  \
                  |    ArrBianca     |
                  |      31 Au       |
                  |   killed by a    |
                  |    homunculus    |
                  |                  |
                  |                  |
                  |       2026       |
                 *|     *  *  *      | *
        _________)/\\_//(\/(/\)/\//\/|_)_______

Goodbye ArrBianca the Archeologist...

You died in The Gnomish Mines on dungeon level 3 with 288 points,
and 31 pieces of gold, after 816 moves.
You were level 3 with a maximum of 25 hit points when you died.

